Description

Build Order from uThermal's Terran School. Please watch the video for more descriptive explanations. Leave any suggestions or corrections.

VOD

https://youtu.be/tIsq0nGRRcQ

Build Order

Get SALT Encoding   

  14  0:17  Supply Depot  
  15  0:39  Barracks  Send SCV building the Racks to scout Zerg Nat.
  16  0:43  Refinery  
  19  1:26  Reaper, Orbital Command  
  20  1:39  Command Center  
  20  1:47  Supply Depot  
  21  1:58  Marine  
  22  2:08  Factory  Build with a rallied SCV after Orbital Command @100% // Switch w/ Barracks @100%
  23  2:20  Barracks Reactor  @ 100% Marine
  25  2:39  Command Center  Build w/ scouting SCV
  26  2:51  Orbital Command  Natural CC
  27  2:59  Starport  Build w/ SCV building Factory
  27  3:07  Refinery  
  28  3:11  Hellion x2  
  34  3:32  Hellion x2  
  40  3:39  Viking  Shift a-move around the map for Ovies
  42  3:48  Barracks Tech Lab  
  44  3:53  Orbital Command  3rd CC
  45  4:01  Hellion x2  Move out w/ Reaper @ 6 Hellions
  51  3:52  Liberator  @100% Viking
  55  4:19  Supply Depot  
  55  4:20  Stimpack  
  55  4:21  Marine  Constant Marine Production
  58  4:28  Hellion x2  Join up w/ 6 Hellions & Reaper
  60  4:35  Supply Depot  
  65  4:50  Factory Tech Lab  
  65  4:52  Starport Reactor  @100% Liberator
  65  4:54  Barracks x2  Build 1 on the vacant Reactor after lifting Factory // Build the 2nd Barracks next to Starport to switch
  69  4:59  Engineering Bay x2, Refinery  
  70  5:07  Supply Depot  
  70  5:10  Action  Transfer 3rd CC to Forward 3rd Position at Full Mineral Saturation of Nat.
  71  5:15  Barracks x2  
  71  5:21  Siege Tank  Constant Tank Production
  77  5:30  Refinery  4th Gas @ Nat
  80  5:37  Starport Reactor  
  84  5:57  Terran Infantry Armor Level 1, Terran Infantry Weapons Level 1  
  90  6:06  Barracks Reactor x2  
  93  6:22  Combat Shield  @100% Stim
  110  6:49  Medivac x2  Move out @100% Medivacs // Leave tanks @ home
  121  7:02  Barracks x3  
  121  7:06  Armory  @50% +1/+1
  140  7:30  Action  ~ 7:30 Move out for a +1/+1, Stim, & Combat Shield Timing Attack
  157  8:03  Terran Infantry Armor Level 2, Terran Infantry Weapons Level 2  Skip 5th & 6th Medivacs
  200  8:45  Command Center  ~8:45 4th CC, Continue to push w/ Upgrades
Spawning Tool Build Advisor. Get it on Overwolf

Analysis

3 CC Macro Opener w/ Timing Attacks

Go to:

Details

  • Created by: ttam.mi
  • Published on: Aug 16, 2020
  • Modified on: Jul 27, 2022
  • Patch: 4.11.0
  • Difficulty: Medium
Show
View Real Time Build Order
Export as new Build Order

Comments (1)

On Feb. 28, 2022, 5:43 p.m., randomguy19372  said:

liberator starts at 51, not 44, and after viking, not at 100% starport

Create an account to comment!